APP
JOHNSON CITY CARDINALS @ OGDEN RAPTORS
06/19/2044
 
TOP OF THE 1ST
Johnson City Cardinals batting - Pitching for Ogden Raptors : RHP Ian Wilson
Pitching: RHP Ian Wilson
Batting: LHB Adam Eisen 0-0: Called Strike
0-1: Foul Ball, location: 2F
0-2: Ball
1-2: Ball
2-2: SINGLE (Groundball, 4M, EV 96.9 MPH) (infield hit)
Batting: RHB Immel Kamuzu 0-0: Ball
1-0: Ball
2-0: Ball
3-0: Called Strike
3-1: Base on Balls
Adam Eisen to second
Batting: LHB Billy Guzman 0-0: Swinging Strike
0-1: Called Strike
0-2: Ball
1-2: Strikes out looking
Batting: RHB Pat Scaturro 0-0: Ball
1-0: Ball
Wild Pitch!
Adam Eisen to third
Immel Kamuzu to second
2-0: Called Strike
2-1: Called Strike
2-2: Ball
Wild Pitch!
Adam Eisen scores
Immel Kamuzu to third
3-2: Base on Balls
Pitching: RHP Victor Delgado
Batting: RHB Chris Norris 0-0: Ball
Wild Pitch!
Immel Kamuzu scores
Pat Scaturro to second
1-0: Foul Ball, location: 2F
1-1: Foul Ball, location: 2F
1-2: Strikes out looking
Batting: RHB Josh Broome 0-0: Swinging Strike
0-1: DOUBLE (Groundball, 5L, EV 97.5 MPH)
Pat Scaturro scores
Batting: RHB Mario Mendoza 0-0: Ball
Josh Broome steals 3rd base
1-0: Called Strike
1-1: Ball
2-1: Ball
3-1: Called Strike
3-2: Foul Ball, location: 2F
3-2: Base on Balls
Batting: RHB Vic Nelson 0-0: Called Strike
0-1: Ball
Passed Ball!
Josh Broome scores
Mario Mendoza to second
1-1: Ball
2-1: Ball
3-1: Called Strike
3-2: Foul Ball, location: 2F
3-2: Base on Balls
Pitching: RHP Justin Donovan
Batting: RHB Pat Reprogle 0-0: Called Strike
0-1: Called Strike
0-2: Ball
1-2: Ball
2-2: Ball
3-2: Strikes out looking
Top of the 1st over - 4 runs, 2 hits, 0 errors, 2 left on base; Johnson City 4 - Ogden 0
BOTTOM OF THE 1ST
Ogden Raptors batting - Pitching for Johnson City Cardinals : LHP John Fisher
Pitching: LHP John Fisher
Batting: SHB Darius Vinson 0-0: Ball
1-0: Foul Ball, location: 2F
1-1: Ball
2-1: SINGLE (Line Drive, 7S, EV 91.3 MPH)
Batting: LHB Santiago Chavira 0-0: Swinging Strike
0-1: Called Strike
0-2: Foul Ball, location: 2F
0-2: Ball
1-2: Ball
2-2: Strikes out looking
Batting: RHB Junro Kato 0-0: Ball
Darius Vinson is caught stealing 2nd base 2-4
1-0: Foul Ball, location: 2F
1-1: DOUBLE (Line Drive, 9LM, EV 111.9 MPH)
Batting: LHB Mitchell Casey 0-0: Foul Ball, location: 2F
0-1: Ball
1-1: Ball
2-1: 2-RUN HOME RUN (Flyball, 7LD, EV 95.0 MPH), Distance : 362 ft
Batting: RHB Gary Ming 0-0: Ball
1-0: DOUBLE (Flyball, 8RXD, EV 88.8 MPH)
Batting: RHB Kevin Ezell 0-0: Ball
1-0: Foul Ball, location: 2F
1-1: Called Strike
1-2: Ball
2-2: Strikes out looking
Bottom of the 1st over - 2 runs, 4 hits, 0 errors, 1 left on base; Johnson City 4 - Ogden 2
TOP OF THE 2ND
Johnson City Cardinals batting - Pitching for Ogden Raptors : RHP Justin Donovan
Batting: LHB Adam Eisen 0-0: Ball
1-0: Ground out 5-3 (Groundball, 56S, EV 91.9 MPH)
Batting: RHB Immel Kamuzu 0-0: Foul Ball, location: 2F
0-1: Ball
1-1: Called Strike
1-2: SOLO HOME RUN (Flyball, 7D, EV 105.6 MPH), Distance : 396 ft
Batting: LHB Billy Guzman 0-0: Foul Ball, location: 2F
0-1: Ball
1-1: Ball
2-1: Ball
3-1: Swinging Strike
3-2: Base on Balls
Pitching: RHP Charles Durand
Batting: RHB Pat Scaturro 0-0: Ball
Billy Guzman steals 2nd base
1-0: Called Strike
1-1: Ground out 5-3 (Groundball, 5S, EV 70.6 MPH)
Billy Guzman to third
Batting: RHB Chris Norris 0-0: Ball
1-0: Called Strike
1-1: Foul Ball, location: 2F
1-2: Ball
2-2: Foul Ball, location: 2F
2-2: Strikes out looking
Top of the 2nd over - 1 run, 1 hit, 0 errors, 1 left on base; Johnson City 5 - Ogden 2
BOTTOM OF THE 2ND
Ogden Raptors batting - Pitching for Johnson City Cardinals : LHP John Fisher
Batting: LHB Tore Bosch 0-0: Swinging Strike
0-1: Called Strike
0-2: Strikes out swinging
Batting: RHB Charles Blatchford 0-0: Called Strike
0-1: SOLO HOME RUN (Flyball, 89XD, EV 108.8 MPH), Distance : 422 ft
Batting: RHB Matt Alderson 0-0: Foul Ball, location: 2F
0-1: Ground out 5-3 (Groundball, 56, EV 86.3 MPH)
Batting: SHB Darius Vinson 0-0: Ball
1-0: Ball
2-0: Ball
3-0: Base on Balls
Batting: LHB Santiago Chavira 0-0: Ball
1-0: Foul Ball, location: 2F
1-1: Ball
2-1: Called Strike
2-2: Ground out 4-3 (Groundball, 34, EV 85.6 MPH)
Bottom of the 2nd over - 1 run, 1 hit, 0 errors, 1 left on base; Johnson City 5 - Ogden 3
TOP OF THE 3RD
Johnson City Cardinals batting - Pitching for Ogden Raptors : RHP Charles Durand
Batting: RHB Josh Broome 0-0: Ball
1-0: Ball
2-0: Called Strike
2-1: Ball
3-1: Base on Balls
Batting: RHB Mario Mendoza 0-0: Ball
Josh Broome steals 2nd base
1-0: Ball
2-0: Foul Ball, location: 2F
2-1: Ball
3-1: Foul Ball, location: 2F
3-2: Foul Ball, location: 2F
3-2: Base on Balls
Pitching: RHP Cory Fischer
Batting: RHB Vic Nelson 0-0: Called Strike
0-1: Ball
1-1: Called Strike
1-2: Strikes out swinging
Batting: RHB Pat Reprogle 0-0: Ball
1-0: Called Strike
1-1: Swinging Strike
1-2: DOUBLE (Line Drive, 7LM, EV 103.1 MPH)
Josh Broome scores
Mario Mendoza to third
Runner from 3rd tries for Home, throw by LF and OUT! 7-6-2
Batting: LHB Adam Eisen 0-0: Called Strike
0-1: SINGLE (Line Drive, 6M, EV 99.4 MPH)
Pat Reprogle to third
Throwing error, E8
Pat Reprogle scores
Adam Eisen to second
Batting: RHB Immel Kamuzu 0-0: Ball
1-0: Ball
Adam Eisen steals 3rd base
2-0: Foul Ball, location: 2F
2-1: Ball
3-1: SINGLE (Groundball, 4D, EV 93.8 MPH)
Adam Eisen scores
Batting: LHB Billy Guzman 0-0: Ball
1-0: Foul Ball, location: 2F
1-1: Ball
2-1: Ball
3-1: Foul Ball, location: 2F
3-2: Strikes out swinging
Top of the 3rd over - 3 runs, 3 hits, 1 error, 1 left on base; Johnson City 8 - Ogden 3
BOTTOM OF THE 3RD
Ogden Raptors batting - Pitching for Johnson City Cardinals : LHP John Fisher
Batting: RHB Junro Kato 0-0: Reached on error, E5 (Groundball, 5S, EV 82.5 MPH)
Batting: LHB Mitchell Casey 0-0: Grounds into double play, 4-6-3 (Groundball, 4, EV 86.3 MPH)
Batting: RHB Gary Ming 0-0: Foul Ball, location: 2F
0-1: Ball
1-1: Ball
2-1: Called Strike
2-2: Strikes out swinging
Bottom of the 3rd over - 0 runs, 0 hits, 1 error, 0 left on base; Johnson City 8 - Ogden 3
TOP OF THE 4TH
Johnson City Cardinals batting - Pitching for Ogden Raptors : RHP Cory Fischer
Pitching: RHP Ramon Luna
Batting: RHB Pat Scaturro 0-0: Called Strike
0-1: Ball
1-1: Swinging Strike
1-2: Strikes out swinging
Batting: RHB Chris Norris 0-0: DOUBLE (Flyball, 8LXD, EV 103.8 MPH)
Batting: RHB Josh Broome 0-0: Called Strike
0-1: DOUBLE (Line Drive, 89XD, EV 107.5 MPH)
Chris Norris scores
Batting: RHB Mario Mendoza 0-0: Called Strike
0-1: Ball
1-1: Foul Ball, location: 2F
1-2: Fly out, F4 (Popup, 3D, EV 75.0 MPH)
Batting: RHB Vic Nelson 0-0: Foul Ball, location: 2F
0-1: Ball
1-1: Swinging Strike
1-2: Foul Ball, location: 2F
1-2: Foul Ball, location: 2F
1-2: Ball
2-2: Ball
3-2: Ground out 5-3 (Groundball, 5, EV 103.1 MPH)
Top of the 4th over - 1 run, 2 hits, 0 errors, 1 left on base; Johnson City 9 - Ogden 3
BOTTOM OF THE 4TH
Ogden Raptors batting - Pitching for Johnson City Cardinals : LHP John Fisher
Batting: RHB Kevin Ezell 0-0: Swinging Strike
0-1: Ball
1-1: Foul Ball, location: 2F
1-2: Strikes out looking
Batting: LHB Tore Bosch 0-0: Foul Ball, location: 2F
0-1: Swinging Strike
0-2: Ball
1-2: Ball
2-2: Ball
3-2: Strikes out swinging
Batting: RHB Charles Blatchford 0-0: Called Strike
0-1: Ball
1-1: Swinging Strike
1-2: Foul Ball, location: 2F
1-2: Strikes out looking
Bottom of the 4th over - 0 runs, 0 hits, 0 errors, 0 left on base; Johnson City 9 - Ogden 3
TOP OF THE 5TH
Johnson City Cardinals batting - Pitching for Ogden Raptors : RHP Ramon Luna
Batting: RHB Pat Reprogle 0-0: Called Strike
0-1: Ball
1-1: Ball
2-1: Ball
3-1: Called Strike
3-2: Foul Ball, location: 2F
3-2: SINGLE (Flyball, 3D, EV 89.4 MPH)
Batting: LHB Adam Eisen 0-0: Called Strike
0-1: Ball
1-1: Ball
2-1: Swinging Strike
2-2: Ball
3-2: Base on Balls
Pat Reprogle to second
Batting: RHB Immel Kamuzu 0-0: Foul Ball, location: 2F
0-1: Ball
1-1: Ball
2-1: Foul Ball, location: 2F
2-2: Ball
Wild Pitch!
Pat Reprogle to third
Adam Eisen to second
3-2: Foul Ball, location: 2F
3-2: SINGLE (Flyball, 34D, EV 91.9 MPH)
Pat Reprogle scores
Adam Eisen to third
Batting: LHB Billy Guzman 0-0: SINGLE (Groundball, 25, EV 76.9 MPH) (infield hit)
Immel Kamuzu to second
Batting: RHB Pat Scaturro 0-0: Ball
1-0: Called Strike
1-1: Ball
2-1: GRAND SLAM HOME RUN (Flyball, 7LD, EV 93.1 MPH), Distance : 351 ft
Pitching: LHP Mike Dickinson
Batting: RHB Chris Norris 0-0: Ball
1-0: Ball
2-0: Called Strike
2-1: Ball
3-1: Ground out 6-3 (Groundball, 6, EV 81.3 MPH)
Batting: RHB Josh Broome 0-0: Foul Ball, location: 2F
0-1: Ball
1-1: Foul Ball, location: 2F
1-2: Fly out, F8 (Flyball, 8LXD, EV 107.5 MPH)
Batting: RHB Mario Mendoza 0-0: Ball
1-0: Ball
2-0: Called Strike
2-1: Swinging Strike
2-2: Strikes out swinging
Top of the 5th over - 5 runs, 4 hits, 0 errors, 0 left on base; Johnson City 14 - Ogden 3
BOTTOM OF THE 5TH
Ogden Raptors batting - Pitching for Johnson City Cardinals : LHP John Fisher
Batting: RHB Matt Alderson 0-0: Ball
1-0: Swinging Strike
1-1: Foul Ball, location: 2F
1-2: Foul Ball, location: 2F
1-2: Strikes out looking
Batting: SHB Darius Vinson 0-0: Ball
1-0: Swinging Strike
1-1: Ground out 6-3 (Groundball, 6, EV 101.9 MPH)
Batting: LHB Santiago Chavira 0-0: Called Strike
0-1: Ball
1-1: Called Strike
1-2: Strikes out swinging
Bottom of the 5th over - 0 runs, 0 hits, 0 errors, 0 left on base; Johnson City 14 - Ogden 3
TOP OF THE 6TH
Johnson City Cardinals batting - Pitching for Ogden Raptors : LHP Mike Dickinson
Batting: RHB Vic Nelson 0-0: Ball
1-0: Ball
2-0: Ball
3-0: Called Strike
3-1: Fly out, F8 (Flyball, 8LM, EV 94.4 MPH)
Pitching: RHP Bob Magana
Batting: RHB Pat Reprogle 0-0: Called Strike
0-1: Foul Ball, location: 2F
0-2: Foul Ball, location: 2F
0-2: Fly out, F3 (Line Drive, 3, EV 72.5 MPH)
Batting: LHB Adam Eisen 0-0: Fly out, F6 (Popup, 4MS, EV 75.6 MPH)
Top of the 6th over - 0 runs, 0 hits, 0 errors, 0 left on base; Johnson City 14 - Ogden 3
BOTTOM OF THE 6TH
Ogden Raptors batting - Pitching for Johnson City Cardinals : LHP John Fisher
Batting: RHB Junro Kato 0-0: Ball
1-0: Called Strike
1-1: Swinging Strike
1-2: Strikes out swinging
Batting: LHB Mitchell Casey 0-0: Swinging Strike
0-1: Ball
1-1: Called Strike
1-2: Strikes out swinging
Batting: RHB Gary Ming 0-0: Ball
1-0: Fly out, F9 (Flyball, 9LS, EV 88.8 MPH)
Bottom of the 6th over - 0 runs, 0 hits, 0 errors, 0 left on base; Johnson City 14 - Ogden 3
TOP OF THE 7TH
Johnson City Cardinals batting - Pitching for Ogden Raptors : RHP Bob Magana
Batting: RHB Immel Kamuzu 0-0: Ball
1-0: Ball
2-0: Foul Ball, location: 2F
2-1: SINGLE (Line Drive, 4M, EV 110.6 MPH)
Batting: LHB Billy Guzman 0-0: Called Strike
0-1: Called Strike
0-2: Ball
1-2: Strikes out swinging
Batting: RHB Pat Scaturro 0-0: Hit by Pitch
Immel Kamuzu to second
Batting: RHB Chris Norris 0-0: Called Strike
0-1: Swinging Strike
0-2: Ball
1-2: SINGLE (Line Drive, 8LS, EV 93.8 MPH)
Immel Kamuzu to third
Pat Scaturro to second
Pitching: RHP Luis Hinostroza
Batting: RHB Josh Broome 0-0: Foul Ball, location: 2F
0-1: Ball
1-1: Called Strike
1-2: Foul Ball, location: 2F
1-2: Foul Ball, location: 2F
1-2: Foul Ball, location: 2F
1-2: Fly out, F8 (Line Drive, 8LM, EV 93.8 MPH)
Batting: RHB Mario Mendoza 0-0: Ball
Wild Pitch!
Immel Kamuzu scores
Pat Scaturro to third
Chris Norris to second
1-0: Ball
Wild Pitch!
Pat Scaturro scores
Chris Norris to third
2-0: Ball
3-0: Called Strike
3-1: Base on Balls
Batting: RHB Vic Nelson 0-0: Ball
Wild Pitch!
Chris Norris scores
Mario Mendoza to second
1-0: Fly out, F8 (Flyball, 8LD, EV 87.5 MPH)
Top of the 7th over - 3 runs, 2 hits, 0 errors, 1 left on base; Johnson City 17 - Ogden 3
BOTTOM OF THE 7TH
Ogden Raptors batting - Pitching for Johnson City Cardinals : LHP John Fisher
Batting: RHB Kevin Ezell 0-0: Ball
1-0: Foul Ball, location: 2F
1-1: Fly out, F7 (Flyball, 7LM, EV 92.5 MPH)
Pitching: RHP Andrew Ray
Batting: LHB Tore Bosch 0-0: Ground out 5-3 (Groundball, 5S, EV 84.4 MPH)
Batting: RHB Charles Blatchford 0-0: Called Strike
0-1: Called Strike
0-2: Ground out 4-3 (Groundball, 4, EV 78.8 MPH)
Bottom of the 7th over - 0 runs, 0 hits, 0 errors, 0 left on base; Johnson City 17 - Ogden 3
TOP OF THE 8TH
Johnson City Cardinals batting - Pitching for Ogden Raptors : RHP Luis Hinostroza
Batting: RHB Pat Reprogle 0-0: Called Strike
0-1: Fly out, F7 (Line Drive, 7, EV 93.8 MPH)
Pinch Hitting: SHB Hank Arias 0-0: Called Strike
0-1: Ball
1-1: Foul Ball, location: 2F
1-2: Ball
2-2: Ball
3-2: Strikes out looking
Pitching: LHP Stephen Van Raalte
Batting: RHB Immel Kamuzu 0-0: Ball
1-0: Ball
2-0: Called Strike
2-1: Ball
3-1: Base on Balls
Batting: LHB Billy Guzman 0-0: Foul Ball, location: 2F
0-1: Foul Ball, location: 2F
0-2: Ball
1-2: Fly out, F7 (Flyball, 7LM, EV 78.1 MPH)
Top of the 8th over - 0 runs, 0 hits, 0 errors, 1 left on base; Johnson City 17 - Ogden 3
BOTTOM OF THE 8TH
Ogden Raptors batting - Pitching for Johnson City Cardinals : RHP Andrew Ray
Now in RF: Hank Arias
Batting: RHB Matt Alderson 0-0: Ball
1-0: Foul Ball, location: 2F
1-1: Ball
2-1: Called Strike
2-2: Ground out 5-3 (Groundball, 5, EV 108.8 MPH)
Batting: SHB Darius Vinson 0-0: Foul Ball, location: 2F
0-1: SINGLE (Groundball, 25, EV 67.5 MPH) (infield hit)
Batting: LHB Santiago Chavira 0-0: Foul Ball, location: 2F
0-1: Ball
1-1: Ball
2-1: Ball
3-1: Base on Balls
Darius Vinson to second
Batting: RHB Junro Kato 0-0: SINGLE (Groundball, 6MD, EV 101.9 MPH)
Darius Vinson to third
Santiago Chavira to second
Throwing error, E8
Darius Vinson scores
Santiago Chavira to third
Junro Kato to second
Pitching: RHP Ray Strehler
Batting: LHB Mitchell Casey 0-0: Called Strike
0-1: Ball
1-1: Ball
2-1: SINGLE (Line Drive, 8RS, EV 94.4 MPH)
Santiago Chavira scores
Junro Kato to third
Batting: RHB Gary Ming 0-0: Ball
Wild Pitch!
Junro Kato scores
Mitchell Casey to second
1-0: Foul Ball, location: 2F
1-1: Called Strike
1-2: Fly out, F9 (Line Drive, 9D, EV 100.6 MPH)
Batting: RHB Kevin Ezell 0-0: Called Strike
0-1: Swinging Strike
0-2: Ball
1-2: Fly out, F6 (Flyball, 6D, EV 89.4 MPH)
Bottom of the 8th over - 3 runs, 3 hits, 1 error, 1 left on base; Johnson City 17 - Ogden 6
TOP OF THE 9TH
Johnson City Cardinals batting - Pitching for Ogden Raptors : LHP Stephen Van Raalte
Batting: RHB Pat Scaturro 0-0: Ball
1-0: Ball
2-0: Ball
3-0: Base on Balls
Batting: RHB Chris Norris 0-0: DOUBLE (Flyball, 8RXD, EV 108.1 MPH)
Pat Scaturro to third
Batting: RHB Josh Broome 0-0: Ball
Wild Pitch!
Pat Scaturro scores
Chris Norris to third
1-0: 2-RUN HOME RUN (Flyball, 7D, EV 98.8 MPH), Distance : 383 ft
Batting: RHB Mario Mendoza 0-0: Foul Ball, location: 2F
0-1: DOUBLE (Line Drive, 9LS, EV 111.9 MPH)
Pitching: RHP Josh Vaill
Pinch Hitting: RHB Herbert Loveless 0-0: Ball
Wild Pitch!
Mario Mendoza to third
Balk!
Mario Mendoza scores
1-0: Ball
2-0: Ball
3-0: Called Strike
3-1: Base on Balls
Batting: RHB Pat Reprogle 0-0: Ball
1-0: Ball
2-0: Ball
3-0: 2-RUN HOME RUN (Flyball, 78XD, EV 103.8 MPH), Distance : 440 ft
Batting: SHB Hank Arias 0-0: Ball
1-0: Called Strike
1-1: Ball
2-1: Swinging Strike
2-2: Ball
3-2: Strikes out swinging
Batting: RHB Immel Kamuzu 0-0: Called Strike
0-1: Fly out, F9 (Line Drive, 9, EV 102.5 MPH)
Batting: LHB Billy Guzman 0-0: Ball
1-0: Ball
2-0: Ball
3-0: Base on Balls
Batting: RHB Pat Scaturro 0-0: Called Strike
0-1: Fly out, F8 (Flyball, 8LXD, EV 90.0 MPH)
Top of the 9th over - 6 runs, 4 hits, 0 errors, 1 left on base; Johnson City 23 - Ogden 6
BOTTOM OF THE 9TH
Ogden Raptors batting - Pitching for Johnson City Cardinals : RHP Ray Strehler
Now at C: Herbert Loveless
Batting: LHB Tore Bosch 0-0: Ball
1-0: Fly out, F2 (Popup, 25F, EV 86.3 MPH)
Batting: RHB Charles Blatchford 0-0: Swinging Strike
0-1: SOLO HOME RUN (Flyball, 78XD, EV 102.5 MPH), Distance : 418 ft
Batting: RHB Matt Alderson 0-0: Ball
1-0: Ball
2-0: Ball
3-0: Base on Balls
Batting: SHB Darius Vinson 0-0: Ball
1-0: Foul Ball, location: 2F
1-1: Fielders Choice at 2nd, 3-6 (Groundball, 34, EV 80.0 MPH)
Batting: LHB Santiago Chavira 0-0: Ball
1-0: Fly out, F4 (Popup, 4, EV 63.1 MPH)
Bottom of the 9th over - 1 run, 1 hit, 0 errors, 1 left on base; Johnson City 23 - Ogden 7
Thursday, March 31st , 2022 - OOTP Baseball 22.12 Build 89